 Dungeon Crawl Stone Soup version 0.25.1-9-gc5326a611f (webtiles) character file.

Game seed: 3110925669442319370

33394 pokeman the Eclecticist (level 13, -7/74 HPs)
             Began as a Deep Elf Wizard on Dec 25, 2020.
             Was a High Priest of Vehumet.
             Mangled by a catoblepas (22 damage)
             ... on level 14 of the Dungeon.
             The game lasted 00:53:12 (17971 turns).

pokeman the Eclecticist (Deep Elf Wizard)          Turns: 17971, Time: 00:53:13

Health: -7/74      AC: 10    Str:  4    XL:     13   Next: 36%
Magic:  8/37       EV: 12    Int: 28    God:    Vehumet [*****.]
Gold:   504        SH:  0    Dex: 19    Spells: 18/48 levels left

rFire    + . .     SeeInvis .   j - +3 whip (venom)
rCold    + . .     Gourm    .   (no shield)
rNeg     . . .     Faith    .   t - +0 leather armour
rPois    .         Spirit   .   J - +1 helmet {Int+3}
rElec    .         Reflect  .   x - scarf {rC+ rF+}
rCorr    .         Harm     .   k - +0 pair of gloves
MR       +....                  e - +2 pair of boots
Stlth    ++........             (no amulet)
HPRegen  0.22/turn              S - +6 ring of dexterity
MPRegen  0.25/turn              I - -4 ring of intelligence (curse)

@: slowed, very slow
A: no striking features
a: Renounce Religion


You were on level 14 of the Dungeon.
You worshipped Vehumet.
Vehumet was extremely pleased with you.
You were very hungry.

You visited 1 branch of the dungeon, and saw 14 of its levels.

You collected 764 gold pieces.
You spent 260 gold pieces at shops.

Inventory:

Hand Weapons
 j - a +3 whip of venom (weapon)
 u - a +1 flail of distortion
 P - a +0 arbalest
 X - a +2 longbow of flaming
Missiles
 h - 487 arrows
 o - 76 bolts
Armour
 e - a +2 pair of boots (worn)
 k - a +0 pair of gloves (worn)
 t - a +0 leather armour (worn)
 x - a scarf of resistance (worn)
 y - a +0 kite shield
 J - a +1 helmet of intelligence (worn)
Magical Staves
 s - an uncursed staff of summoning
 M - an uncursed staff of poison
Jewellery
 b - an uncursed ring of ice
 q - an uncursed ring of stealth
 I - a cursed -4 ring of intelligence (right hand)
 S - a +6 ring of dexterity (left hand)
Wands
 v - a wand of clouds (5)
 w - a wand of flame (35)
 D - a wand of iceblast (8)
 F - a wand of random effects (26)
 H - a wand of polymorph (9)
 L - a wand of acid (7)
 W - a wand of digging (4)
Scrolls
 g - 2 scrolls of fog
 i - 5 scrolls of remove curse
 n - 12 scrolls of teleportation
 B - a scroll of enchant armour {unknown}
 E - 2 scrolls of amnesia {unknown}
 G - a scroll of blinking {unknown}
 Q - a scroll of enchant weapon {unknown}
 R - a scroll of identify
 T - a scroll of magic mapping {unknown}
 U - a scroll of vulnerability {unknown}
Potions
 a - 2 potions of stabbing {unknown}
 c - a potion of magic
 f - 3 potions of might
 l - 3 potions of curing
 m - a potion of haste
 p - a potion of cancellation
 r - 4 potions of heal wounds
 z - a potion of invisibility
 A - 3 potions of mutation
 C - 4 potions of flight {unknown}
 N - 2 potions of degeneration {unknown}
 O - a potion of ambrosia {unknown}
Miscellaneous
 K - a lightning rod (4/4)
Comestibles
 d - 34 rations


   Skills:
 + Level 6.1 Fighting
 - Level 4.0 Armour
 - Level 3.0 Dodging
 - Level 3.2 Stealth
 - Level 4.0 Shields
 * Level 18.0 Spellcasting
 + Level 11.2 Conjurations
 - Level 1.1 Summonings
 - Level 1.1 Translocations
 + Level 10.8 Fire Magic
 - Level 1.1 Air Magic
 - Level 1.2 Poison Magic
 - Level 2.1 Evocations


You had 18 spell levels left.
You knew the following spells:

 Your Spells              Type           Power        Failure   Level  Hunger
a - Magic Dart            Conj           ####         1%          1    None
b - Mephitic Cloud        Conj/Pois/Air  ######..     1%          3    None
c - Call Imp              Summ           ####....     2%          2    None
d - Blink                 Tloc           N/A          2%          2    None
e - Conjure Flame         Conj/Fire      ######..     1%          3    None
f - Foxfire               Conj/Fire      ####         1%          1    None
g - Fireball              Conj/Fire      ######....   1%          5    None
h - Orb of Destruction    Conj           ######....   7%          7    ####...
i - Starburst             Conj/Fire      ######....   1%          6    ##.....

Your spell library contained the following spells:

 Spells                   Type           Power        Failure   Level  Hunger
 Animate Skeleton         Necr           N/A          3%          1    None
 Beastly Appendage        Tmut           ####..       3%          1    None
 Pain                     Necr           ####         3%          1    None
 Slow                     Hex            ####....     4%          2    None
 Sticks to Snakes         Tmut           ####....     4%          2    None
 Spider Form              Tmut/Pois      ####......   7%          3    None
 Vampiric Draining        Necr           ####......   9%          3    None
 Animate Dead             Necr           N/A          28%         4    None
 Ice Form                 Ice/Tmut       ####....     28%         4    None
 Agony                    Necr           ####....     63%         5    None
 Blade Hands              Tmut           ####......   63%         5    None


Dungeon Overview and Level Annotations

Branches:
Dungeon (14/15)            Temple (0/1) D:5            Lair (0/6) D:9
    Orc (0/2) D:9          Vaults (0/5) D:13

Altars:
Ashenzari
Gozag
Hepliaklqana
Kikubaaqudgha
Nemelex Xobeh
Qazlal
Sif Muna
Vehumet
Wu Jian
Xom
Yredelemnul
Zin
The Shining One

Shops:
D:5 }   D:6 =   D:9 *   D:14 [


Message History

Press: ? - help, Shift-Dir - straight line, f - hornet
Aim: a hornet The ball explodes into a vile cloud!
The stinking cloud engulfs the hornet but does no damage.
The stinking cloud engulfs the catoblepas but does no damage.
The hornet is engulfed in noxious fumes.
The hornet appears confused.
The vampire points at you and mumbles some strange words.
You are confused.
The catoblepas is engulfed in noxious fumes.
The hornet stings the catoblepas but does no damage.
Unknown command.
You feel better.
The catoblepas is engulfed in noxious fumes.
The hornet buzzes around in tight circles.
The vampire casts a spell.
The vampire flickers and vanishes!
Deactivating autopickup; reactivate with Ctrl-A.
The catoblepas gores you!!
You die...

#.Y......#.....#
#c########u....#
................#
.............c....#
...u............(...#
.ccu..........{y....#
..V...........☼§°...#
.cc............Y○...#
.........@....#
#########.....#
#.....# #.<...#
#.....# #.....#
#.....# ####.....#
#........#


You could see a catoblepas, a purple ugly thing, a hornet (confused) and a
centaur.

Vanquished Creatures
  Nessos (D:13)
  An ogre mage (D:13)
  Harold (D:7)
  Fannar (D:10)
  A rakshasa (D:13)
  4 hydras
  4 two-headed ogres
  Erica (D:9)
  2 centaur warriors
  A deep elf mage (D:7)
  2 cyclopes
  4 ugly things
  2 manticores (D:13)
  Maurice (D:13)
  3 gargoyles
  A komodo dragon (D:13)
  A queen bee (shapeshifter) (D:13)
  A troll (D:12)
  A harpy skeleton (D:12)
  A hornet (D:8)
  Grinder (D:6)
  4 hippogriffs
  6 slime creatures
  A meliai zombie (D:13)
  Sigmund (D:5)
  A shadow (D:11)
  24 yaks
  A wraith (D:10)
  A wyvern (D:12)
  A basilisk (D:12)
  2 vampire mosquitoes (D:12)
  2 steam dragons
  The ghost of tsbored the Firebug, an amateur HOFE of Sif Muna (D:3)
  Edmund (D:5)
  A soldier ant (D:13)
  2 acid dragons
  A water moccasin (D:13)
  3 orc warriors
  A black bear (D:13)
  6 sky beasts
  8 ice beasts
  6 ogres
  4 phantoms
  15 centaurs
  2 crocodiles
  4 big kobolds
  2 gnoll sergeants
  6 bullfrogs
  5 scorpions
  5 killer bees (D:11)
  18 wights
  3 crimson imps
  3 howler monkeys
  2 bullfrog zombies
  A quasit (D:10)
  2 centaur zombies
  5 hounds
  5 centaur skeletons
  9 orc priests
  4 bullfrog skeletons
  8 jellies
  14 orc wizards
  4 iguanas
  13 worker ants
  A killer bee zombie (D:7)
  3 hound skeletons
  20 gnolls
  14 adders
  2 shadow imps
  A white imp (D:7)
  An ooze (D:1)
  2 adder skeletons
  4 worms
  3 leopard geckos
  41 orcs
  10 giant cockroaches
  10 goblins
  8 hobgoblins
  10 jackals
  5 quokkas
  3 ball pythons (D:4)
  4 bats
  7 frilled lizards
  A goblin zombie (D:7)
  3 hobgoblin zombies (D:7)
  22 kobolds
  2 kobold zombies (D:7)
  An orc skeleton (D:7)
  An orc zombie (D:7)
  A quokka skeleton (D:7)
  A quokka zombie (D:7)
  4 rats
428 creatures vanquished.

Vanquished Creatures (collateral kills)
  A crimson imp (D:13)
1 creature vanquished.

Vanquished Creatures (others)
  432 foxfires
432 creatures vanquished.

Grand Total: 861 creatures vanquished

Notes
Turn   | Place    | Note
-------+----------+-------------------------------------------
     0 | D:1      | pokeman the Deep Elf Wizard began the quest for the Orb.
     0 | D:1      | Reached XP level 1. HP: 10/10 MP: 7/7
   460 | D:1      | Reached XP level 2. HP: 16/16 MP: 2/9
   932 | D:2      | Reached skill level 5 in Spellcasting
   932 | D:2      | Reached XP level 3. HP: 20/20 MP: 5/11
   938 | D:2      | Learned a level 3 spell: Mephitic Cloud
   941 | D:2      | Learned a level 2 spell: Call Imp
   944 | D:2      | Learned a level 2 spell: Blink
   948 | D:2      | Learned a level 3 spell: Conjure Flame
  1061 | D:2      | Reached skill level 1 in Armour
  1113 | D:2      | Reached skill level 1 in Fighting
  1285 | D:2      | Found an opulent altar of Gozag.
  1540 | D:2      | Reached XP level 4. HP: 25/25 MP: 3/13
  1956 | D:3      | Found a transporter.
  2153 | D:3      | Found a shattered altar of Ashenzari.
  2191 | D:3      | Reached skill level 1 in Poison Magic
  2194 | D:3      | Reached skill level 6 in Spellcasting
  2348 | D:3      | Reached XP level 5. HP: 22/29 MP: 9/15
  2555 | D:3      | Found a radiant altar of Vehumet.
  2563 | D:3      | Became a worshipper of Vehumet
  2757 | D:3      | Found a transporter.
  2759 | D:3      | Noticed an ogre
  2760 | D:3      | Noticed tsbored's ghost (amateur HOFE)
  2763 | D:3      | Noticed an ogre
  2964 | D:3      | Killed an ogre
  2964 | D:3      | Reached skill level 1 in Air Magic
  3142 | D:3      | Killed an ogre
  3142 | D:3      | Reached XP level 6. HP: 15/34 MP: 4/17
  3347 | D:3      | Killed tsbored's ghost
  3347 | D:3      | Reached skill level 7 in Spellcasting
  3347 | D:3      | Reached skill level 1 in Fire Magic
  3612 | D:4      | Found a sparkling altar of Nemelex Xobeh.
  3678 | D:4      | Reached XP level 7. HP: 13/38 MP: 14/20
  3962 | D:4      | Reached * piety under Vehumet
  3962 | D:4      | Offered knowledge of Freeze by Vehumet.
  4419 | D:4      | Reached skill level 8 in Spellcasting
  4646 | D:4      | Found an ancient bone altar of Kikubaaqudgha.
  5017 | D:5      | Entered Level 5 of the Dungeon
  5047 | D:5      | Reached XP level 8. HP: 44/44 MP: 18/22
  5130 | D:5      | Reached skill level 9 in Spellcasting
  5319 | D:5      | Found Taruopno's Gadget Boutique.
  5412 | D:5      | Reached ** piety under Vehumet
  5525 | D:5      | Offered knowledge of Foxfire by Vehumet.
  5542 | D:5      | Learned a level 1 spell: Foxfire
  5663 | D:5      | Noticed Sigmund
  5677 | D:5      | Killed Sigmund
  5677 | D:5      | Reached skill level 5 in Conjurations
  6001 | D:5      | Reached skill level 10 in Spellcasting
  6113 | D:5      | Noticed Edmund
  6136 | D:5      | Killed Edmund
  6321 | D:5      | Found a staircase to the Ecumenical Temple.
  6407 | D:5      | Found a shimmering blue altar of Sif Muna.
  6631 | D:5      | Found a hazy altar of Hepliaklqana.
  6789 | D:6      | Reached XP level 9. HP: 30/48 MP: 9/25
  6961 | D:6      | Offered knowledge of Ignite Poison by Vehumet.
  7169 | D:6      | Reached skill level 5 in Fire Magic
  7305 | D:6      | Found a glowing silver altar of Zin.
  7308 | D:6      | Noticed Grinder
  7309 | D:6      | Found Kocvoidgh's Jewellery Shoppe.
  7326 | D:6      | Killed Grinder
  7326 | D:6      | Reached skill level 11 in Spellcasting
  7418 | D:6      | Bought a cursed ring of teleportation for 58 gold pieces
  7603 | D:6      | Reached *** piety under Vehumet
  8459 | D:7      | Noticed Harold
  8520 | D:7      | Killed Harold
  8520 | D:7      | Reached skill level 12 in Spellcasting
  8520 | D:7      | Reached XP level 10. HP: 40/56 MP: 13/28
  8731 | D:7      | Found a glowing golden altar of the Shining One.
  8816 | D:7      | Offered knowledge of Airstrike by Vehumet.
  8908 | D:7      | Noticed a deep elf mage
  8916 | D:7      | Killed a deep elf mage
  9166 | D:8      | Found an ornate altar of the Wu Jian Council.
  9513 | D:8      | Found a stormy altar of Qazlal.
  9673 | D:8      | Reached **** piety under Vehumet
  9710 | D:8      | Noticed an eight-headed hydra
  9778 | D:8      | Killed an eight-headed hydra
  9778 | D:8      | Reached skill level 13 in Spellcasting
  9778 | D:8      | Reached skill level 1 in Evocations
 10110 | D:8      | Found a shimmering altar of Xom.
 10527 | D:9      | Offered knowledge of Fireball by Vehumet.
 10534 | D:9      | Learned a level 5 spell: Fireball
 10928 | D:9      | Found a basalt altar of Yredelemnul.
 11063 | D:9      | Found a staircase to the Orcish Mines.
 11110 | D:9      | Found a staircase to the Lair.
 11228 | D:9      | Found Uptynwoch's Assorted Antiques.
 11231 | D:9      | Bought a runed helmet for 202 gold pieces
 11299 | D:9      | Noticed Erica
 11309 | D:9      | Killed Erica
 11309 | D:9      | Reached skill level 1 in Shields
 11309 | D:9      | Reached skill level 14 in Spellcasting
 11309 | D:9      | Reached XP level 11. HP: 61/61 MP: 8/31
 11847 | D:10     | Entered Level 10 of the Dungeon
 11998 | D:10     | Noticed Fannar
 12020 | D:10     | Killed Fannar
 12443 | D:10     | Reached ***** piety under Vehumet
 12444 | D:10     | Offered knowledge of Orb of Destruction by Vehumet.
 12971 | D:10     | Learned a level 7 spell: Orb of Destruction
 13431 | D:11     | Noticed a seven-headed hydra
 13823 | D:11     | Reached skill level 15 in Spellcasting
 13897 | D:11     | Noticed a brown ugly thing
 14171 | D:11     | Killed a seven-headed hydra
 14425 | D:11     | Offered knowledge of Hailstorm by Vehumet.
 14428 | D:11     | Killed a brown ugly thing
 14702 | D:12     | Noticed a two-headed ogre
 14704 | D:12     | Reached XP level 12. HP: 66/66 MP: 17/33
 14707 | D:12     | Killed a two-headed ogre
 15045 | D:12     | Noticed a centaur warrior
 15050 | D:12     | Killed a centaur warrior
 15050 | D:12     | Reached skill level 16 in Spellcasting
 15417 | D:12     | Reached skill level 10 in Conjurations
 16238 | D:13     | Noticed a five-headed hydra
 16238 | D:13     | Noticed a centaur warrior
 16245 | D:13     | Killed a centaur warrior
 16357 | D:13     | Noticed an eight-headed hydra
 16362 | D:13     | Killed an eight-headed hydra
 16362 | D:13     | Reached skill level 5 in Fighting
 16362 | D:13     | Reached skill level 10 in Fire Magic
 16402 | D:13     | Reached skill level 17 in Spellcasting
 16507 | D:13     | Killed a five-headed hydra
 16539 | D:13     | Noticed Nessos
 16544 | D:13     | Killed Nessos
 16845 | D:13     | Noticed a two-headed ogre
 16849 | D:13     | Killed a two-headed ogre
 16857 | D:13     | Reached XP level 13. HP: 55/73 MP: 6/36
 17091 | D:13     | Noticed Maurice
 17134 | D:13     | Killed Maurice
 17461 | D:13     | Found a gate to the Vaults.
 17502 | D:13     | Offered knowledge of Starburst by Vehumet.
 17516 | D:13     | Learned a level 6 spell: Starburst
 17918 | D:14     | Found Ystrosun's Armour Boutique.
 17949 | D:14     | Reached skill level 18 in Spellcasting
 17971 | D:14     | Mangled by a catoblepas

Illustrated notes

Levels and vault maps discovered:
D:1:      psy_arrival_wood_between_worlds, layout_basic
D:2:      layout_rooms, grunt_gozag_statues, first_ration
D:3:      layout_loops_ring, vehumet_crystals, evilmike_ruin_ashenzari,
          gammafunk_ghost_smash
D:4:      minmay_chambers_of_twos, layout_basic, lemuel_doored_altar,
          marbit_many_paths
D:5:      layout_loops_cross, kennysheep_mini, tgw_sif,
          minmay_temple_entry_enclosed_plants, serial_shops, shop, uniq_edmund,
          uniq_sigmund
D:6:      layout_loops_cross, overflow_temple_1_default, serial_shops,
          nicolae_shop_trees, uniq_grinder
D:7:      layout_loops_ring, nicolae_tso_besieged_by_evil,
          guppyfry_early_elven_hall, uniq_harold
D:8:      minmay_bloctagon_deflated, layout_loops_ring, lemuel_crystal_altar,
          lemuel_coloured_pillars_altar, kennysheep_mini_moat
D:9:      layout_loops_corners, overflow_temple_1_default, lair_entry_dummy,
          david_orc_2, serial_shops, nicolae_shop_behind_doors, uniq_erica
D:10:     layout_loops_ring, blue_anna_alchemist [blue_anna_fruit_fields,
          blue_anna_fruit_fields], chequers_hall_statues_corner_a, uniq_fannar
D:11:     layout_rooms
D:12:     layout_rooms
D:13:     layout_basic, david_vaults_2, uniq_nessos, uniq_maurice
D:14:     layout_gridville, serial_shops, shop, minivault_14, basic_altar,
          kennysheep_potato

Skill      XL: |  1  2  3  4  5  6  7  8  9 10 11 12 13 |
---------------+----------------------------------------+-----
Spellcasting   | 5 6 7 8 10 12 14 15 17 18 | 18.0
Armour         | 1 3 4 |  4.0
Fighting       | 1 2 3 4 5 6 |  6.1
Conjurations   | 2 3 4 5 7 8 9 10 11 | 11.2
Poison Magic   | 1 |  1.2
Dodging        | 3 |  3.0
Air Magic      | 1 |  1.1
Stealth        | 3 |  3.2
Fire Magic     | 1 3 4 6 7 9 10 | 10.8
Evocations     | 2 |  2.1
Shields        | 1 3 4 |  4.0
Summonings     | |  1.1
Translocations | |  1.1

Action                   |  1- 3 |  4- 6 |  7- 9 | 10-12 | 13-15 || total
-------------------------+-------+-------+-------+-------+-------++-------
Melee: Whip              |     2 |    55 |    82 |    96 |    19 ||   254
       Unarmed           |     1 |       |       |       |       ||     1
 Cast: Magic Dart        |    91 |    85 |   154 |    47 |     4 ||   381
       Mephitic Cloud    |       |     5 |    18 |    14 |     5 ||    42
       Conjure Flame     |       |     7 |    18 |    44 |     1 ||    70
       Blink             |       |     3 |    16 |     3 |     1 ||    23
       Call Imp          |       |     3 |     5 |     9 |     1 ||    18
       Foxfire           |       |       |    95 |   154 |     3 ||   252
       Fireball          |       |       |       |   160 |    42 ||   202
Evoke: Wand              |       |       |       |     2 |       ||     2
  Use: Scroll            |       |       |    10 |     1 |       ||    11
       Potion            |       |       |       |       |     1 ||     1
 Stab: Confused          |       |       |    10 |     2 |     2 ||    14
  Eat: Chunk             |     2 |     5 |    16 |    27 |     2 ||    52
Armor: Robe              |     4 |    22 |    13 |       |       ||    39
       Leather armour    |       |       |     7 |    57 |     6 ||    70
Dodge: Dodged            |     8 |    49 |    53 |   110 |    10 ||   230
